 Dungeon Crawl Stone Soup version 0.31-a0-744-gbc345e7fcb (webtiles) character file.

Game seed: 3741167897075216360

2108 Ijustatesigmund the Thaumaturge (level 9, -6/51 HPs)
             Began as a Deep Elf Fire Elementalist on Sept 13, 2023.
             Was an Initiate of Cheibriados.
             Killed from afar by an electric eel (10 damage)
             ... with a bolt of electricity
             ... on level 6 of the Dungeon.
             The game lasted 00:13:17 (7919 turns).

Ijustatesigmund the Thaumaturge (DEFE)              Turns: 7919, Time: 00:13:18

Health: -6/51      AC:  3    Str:  6    XL:     9   Next: 7%
Magic:  17/23      EV: 13    Int: 26    God:    Cheibriados [......]
Gold:   235        SH:  0    Dex: 16    Spells: 17/24 levels left

rFire   . . .        f - +0 sling (heavy)
rCold   . . .        (no shield)
rNeg    . . .        a - +0 robe
rPois   .            (no helmet)
rElec   .            (no cloak)
rCorr   .            l - +0 pair of gloves
SInv    +            (no boots)
Will    .....        (no amulet)
Stlth   ++           s - +4 ring of slaying
HPRegen 0.28/turn    e - ring of see invisible
MPRegen 0.18/turn

%: no passive effects
@: very slow
A: no striking features
a: Renounce Religion


You were on level 6 of the Dungeon.
You worshipped Cheibriados.
Cheibriados was noncommittal.
You visited 2 branches of the dungeon, and saw 7 of its levels.

You collected 286 gold pieces.
You spent 51 gold pieces at shops.

Inventory:

Hand Weapons
 c - a +2 short sword of venom
 f - a +0 heavy sling (weapon)
Missiles
 q - 2 throwing nets
Armour
 a - a +0 robe (worn)
 l - a +0 pair of gloves (worn)
Jewellery
 d - a ring of flight
 e - a ring of see invisible (right hand)
 j - a ring of protection from cold
 m - a ring of fire
 r - a ring of magical power
 s - a +4 ring of slaying (left hand)
Wands
 o - a wand of acid (1)
 p - a wand of polymorph (13)
Scrolls
 i - 2 scrolls of teleportation
 k - 2 scrolls of noise
Potions
 b - a potion of magic
 g - a potion of heal wounds
 h - a potion of berserk rage
 n - 2 potions of curing
 t - a potion of haste
 u - a potion of might {unknown}


   Skills:
 - Level 3.2 Fighting
 - Level 3.1 Short Blades
 + Level 1.2 Ranged Weapons
 + Level 3.6 Dodging
 - Level 2.4 Stealth
 + Level 8.3 Spellcasting
 + Level 6.5 Conjurations
 + Level 7.3 Fire Magic
 + Level 0.5 Invocations


You had 17 spell levels left.
You knew the following spells:

 Your Spells              Type           Power      Damage    Failure   Level
a - Foxfire               Conj/Fire      100%       2x1d9     1%          1
b - Scorch                Fire           96%        2d9       1%          2
c - Flame Wave            Conj/Fire      46%        2d12      3%          4

Your spell library contained the following spells:

 Spells                   Type           Power      Damage    Failure   Level
 Shock                    Conj/Air       100%       1d9       1%          1
 Inner Flame              Hex/Fire       29%        N/A       3%          3
 Volatile Blastmotes      Fire/Tloc      58%        2d14      3%          3
 Lesser Beckoning         Tloc           20%        N/A       9%          2
 Gell's Gravitas          Tloc           10%        N/A       16%         3
 Swiftness                Air            10%        N/A       16%         3
 Teleport Other           Tloc           10%        N/A       16%         3
 Airstrike                Air            5%         2d(1-17)  47%         4


Dungeon Overview and Level Annotations

Branches:
Dungeon (6/15)             Temple (1/1) D:5

Altars:
Ashenzari
Cheibriados
Dithmenos
Elyvilon
Fedhas
Gozag
Hepliaklqana
Makhleb
Nemelex Xobeh
Okawaru
Ru
Sif Muna
Trog
Uskayaw
Vehumet
Wu Jian
Xom
Yredelemnul
The Shining One

Shops:
D:5 (


Message History

Confirm with . or Enter, or press ? or * to list all spells.
You conjure some foxfire!
The electric eel shoots out a bolt of lightning at you!
The bolt of electricity hits you!
Casting: Foxfire (safe; 1% risk of failure)
Confirm with . or Enter, or press ? or * to list all spells.
You conjure some foxfire!
The foxfire hits the electric eel.
The electric eel is lightly wounded.
The electric eel is engulfed in a cloud of scalding steam.
The electric eel shoots out a bolt of lightning at you!
The bolt of electricity hits your foxfire!
The bolt of electricity hits you!
Casting: Foxfire (safe; 1% risk of failure)
Confirm with . or Enter, or press ? or * to list all spells.
You conjure some foxfire!
The foxfire hits the electric eel.
The electric eel is almost dead.
The foxfire hits the electric eel!
You kill the electric eel!
Cheibriados appreciates the change of pace.
You start resting.
Your foxfire dissipates!
You start resting.
Your foxfire dissipates!
An electric eel comes into view.
Casting: Foxfire (safe; 1% risk of failure)
Confirm with . or Enter, or press ? or * to list all spells.
You can't see any susceptible monsters within range! (Use Z to cast anyway.)
Casting: Foxfire (safe; 1% risk of failure)
Confirm with . or Enter, or press ? or * to list all spells.
You can't see any susceptible monsters within range! (Use Z to cast anyway.)
Okay, then.
Casting: Foxfire (safe; 1% risk of failure)
Confirm with . or Enter, or press ? or * to list all spells.
You conjure some foxfire!
The electric eel shoots out a bolt of lightning at you!
The bolt of electricity hits you!
* * * LOW HITPOINT WARNING * * *
The electric eel shoots out a bolt of lightning at you!
The bolt of electricity hits you!
You die...

.......###.#..........
......# ...##._.......
......#.##.##........#
......#)......#...#(.#
.###.#####.######## ##
#.# #§### #§§.#♣♣~~≈
♣§@§~~P~~~
#~~P§v......
♣~~~≈§~P~~≈~
♣P~~~≈.§~~PP~
♣~~~~≈~.v~~~P~
~~~~~≈≈~.≈~~♣♣♣
~~P~≈≈≈~.~~♣♣
♣~P~≈≈≈~.S~♣


You could see an electric eel (ally target).

Vanquished Creatures
  Sigmund (D:3)
  A water moccasin (D:4)
  A black bear (D:4)
  4 ogres
  4 scorpions (D:5)
  4 wights (D:5)
  2 howler monkeys
  3 electric eels (D:6)
  A jelly (D:6)
  A hound (D:5)
  2 gnoll boudas (D:3)
  2 orc priests
  Jessica (D:3)
  2 iguanas
  3 orc wizards
  26 gnolls
  4 adders
  A white imp (D:5)
  2 ufetubi
  2 worms
  3 dart slugs
  28 orcs
  7 ball pythons
  12 endoplasms
  3 giant cockroaches
  6 goblins
  9 hobgoblins
  23 jackals
  2 quokkas (D:3)
  7 bats
  4 frilled lizards
  5 kobolds
  4 rats
180 creatures vanquished.

Vanquished Creatures (others)
  415 foxfires
415 creatures vanquished.

Grand Total: 595 creatures vanquished

Notes
Turn   | Place    | Note
-------+----------+-------------------------------------------
     0 | D:1      | Ijustatesigmund the Deep Elf Fire Elementalist began the
                  | quest for the Orb.
     0 | D:1      | Reached XP level 1. HP: 10/10 MP: 6/6
   217 | D:1      | Reached XP level 2. HP: 16/16 MP: 4/8
   220 | D:1      | Learned a level 2 spell: Scorch
   637 | D:1      | Reached XP level 3. HP: 20/20 MP: 6/10
   753 | D:1      | Reached skill level 1 in Fighting
   898 | D:2      | Reached skill level 4 in Spellcasting
   898 | D:2      | Reached XP level 4. HP: 23/25 MP: 4/12
  1535 | D:2      | You are sucked into a shaft and drop 1 floor!
  1974 | D:2      | Learned a level 4 spell: Flame Wave
  2089 | D:3      | Noticed Sigmund
  2097 | D:3      | Killed Sigmund
  2098 | D:3      | Reached skill level 5 in Spellcasting
  2098 | D:3      | Reached XP level 5. HP: 30/30 MP: 6/14
  2098 | D:3      | Reached XP level 6. HP: 35/35 MP: 6/15
  2454 | D:3      | Noticed Jessica
  2459 | D:3      | Killed Jessica
  3148 | D:3      | Reached skill level 5 in Fire Magic
  3518 | D:3      | Reached XP level 7. HP: 40/40 MP: 12/17
  3787 | D:3      | Reached skill level 6 in Spellcasting
  4777 | D:3      | Reached skill level 1 in Short Blades
  4829 | D:4      | Reached skill level 5 in Conjurations
  4915 | D:4      | Reached XP level 8. HP: 38/46 MP: 8/20
  5624 | D:5      | Entered Level 5 of the Dungeon
  5640 | D:5      | Reached skill level 7 in Spellcasting
  5829 | D:4      | HP: 2/46 [poisoned by a water moccasin]
  6373 | D:5      | Found Fufiur's Weapon Emporium.
  6384 | D:5      | Found a staircase to the Ecumenical Temple.
  6892 | D:5      | Found an opulent altar of Gozag.
  6892 | D:5      | Found a hide-covered altar of Uskayaw.
  7168 | D:5      | Reached skill level 8 in Spellcasting
  7483 | D:5      | Bought a +0 heavy sling for 51 gold pieces
  7563 | D:5      | Reached XP level 9. HP: 51/51 MP: 18/23
  7853 | Temple   | Entered the Ecumenical Temple
  7882 | D:6      | Found a snail-covered altar of Cheibriados.
  7885 | D:6      | Found a sparkling altar of Nemelex Xobeh.
  7889 | D:6      | Became a worshipper of Cheibriados the Contemplative
  7905 | D:6      | Reached skill level 1 in Ranged Weapons
  7919 | D:6      | Killed from afar by an electric eel

Illustrated notes

Levels and vault maps discovered:
D:1:      amcnicky_arrival_wind_blow, layout_basic, kennysheep_small_spiral,
          serial_bayou_crossing
D:2:      kennysheep_big_flooded_room, layout_basic,
          nicolae_concentric_dashed_squares_mild
D:3:      lemuel_castle_with_subvaults [lemuel_castle_interior_carwin_1],
          layout_basic, minmay_fractal_squares_gapless_5, uniq_jessica,
          uniq_sigmund
D:4:      layout_rooms, serial_aquarium, aquarium_bridge_square
          [aquarium_subvault_bridge, aquarium_subvault_balcony,
          aquarium_subvault_bridge, aquarium_subvault_wall], aquarium_window_1,
          aquarium_window_fake, aquarium_view_2d, aquarium_pool_2
D:5:      layout_layer_cave, gammafunk_temple_overflow_pools,
          minmay_temple_entry_arrows, serial_shops, nicolae_shop_waterfront
D:6:      minmay_flawed_box, layout_loops_cross, kiku_gazebo_garden_becter,
          grunt_temple_overflow_open, nicolae_shop_fire_sale
          [nicolae_sub_dead_trees], nicolae_elemental_shop,
          chequers_serial_rivers_large_b, serial_bayou_lagoon_b,
          uniq_blork_the_orc
Temple:   hellmonk_temple_two_chambers

Skill      XL: |  1  2  3  4  5  6  7  8  9 |
---------------+----------------------------+-----
Fighting       | 1 2 3 |  3.2
Spellcasting   | 4 5 6 8 |  8.3
Conjurations   | 2 3 4 5 6 |  6.5
Fire Magic     | 4 5 6 7 |  7.3
Short Blades   | 1 3 |  3.1
Dodging        | 3 |  3.6
Ranged Weapons | 1 |  1.2
Stealth        | |  2.4
Invocations    | |  0.5

Action                     |  1- 3 |  4- 6 |  7- 9 || total
---------------------------+-------+-------+-------++-------
  Melee: Spear             |     2 |       |       ||     2
   Fire: Sling             |       |       |     2 ||     2
   Cast: Foxfire           |    43 |    98 |   109 ||   250
         Scorch            |     3 |    19 |    59 ||    81
         Flame Wave        |       |       |     2 ||     2
  Evoke: Wand              |       |       |     4 ||     4
    Use: Scroll            |       |       |    14 ||    14
         Potion            |       |       |     1 ||     1
 Armour: Robe              |     4 |    15 |    40 ||    59
  Dodge: Dodged            |     3 |    14 |    37 ||    54

Table legend: (Time is in decaauts)
 A = Elapsed time spent in this place.
 B = Non-inter-level travel time spent in this place.
 C = Inter-level travel time spent in this place.
 D = Time resting spent in this place.
 E = Time spent auto-exploring this place.
 F = Levels seen in this place.
 G = Mean time per level.
                   A        B        C        D        E       F      G
               +--------+--------+--------+--------+--------+-----+--------+
         Total |   7925 |   7764 |    161 |   2019 |   4626 |   7 | 1132.1 |
       Dungeon |   7910 |   7750 |    160 |   2019 |   4626 |   6 | 1318.3 |
        Temple |     15 |     15 |      0 |      0 |      0 |   1 |   15.0 |
               +--------+--------+--------+--------+--------+-----+--------+

Top non-repeatable levels by time:
     D:3: 2757 daAuts
     D:5: 1782 daAuts
     D:4: 1307 daAuts
     D:1: 1070 daAuts
     D:2: 950 daAuts
     D:6: 41 daAuts
  Temple: 15 daAuts
